Map: Abyssal Reef LE

Players

ByuN

  • Race: Terran Terran
  • Spawn Location: 11:00

Krystianer - Winner!

  • Race: Protoss Protoss
  • Spawn Location: 5:00

VOD

Have the link to the VOD?

Description

Time

  • Played on: Jan. 3, 2025, 8:33 a.m.
  • Length: 10:18
Show
View Real Time Build Order
Export as new Build Order

ByuN Terran 

Build Orders:  

Get SALT Encoding   

  12  0:00  SCV  
  13  0:12  SCV  
  14  0:17  Supply Depot  
  14  0:24  SCV  
  15  0:38  SCV  
  15  0:40  Barracks  
  16  0:44  Refinery  
  16  0:50  SCV  
  16  0:53  Refinery  
  17  1:02  SCV  
  18  1:15  SCV  
  19  1:27  Orbital Command  
  19  1:28  Reaper  
  20  1:41  Factory  
  20  1:47  Supply Depot  
  20  1:52  SCV  
  21  2:00  Barracks Reactor  
  21  2:04  SCV  
  22  2:17  SCV  
  22  2:21  Command Center  
  23  2:29  Widow Mine  
  25  2:34  SCV  
  25  2:35  Starport  
  26  2:42  Marine x2  
  28  2:46  Supply Depot  
  28  2:50  SCV  
  29  3:00  Marine x2  
  31  3:06  SCV  
  30  3:17  Marine  
  30  3:18  Marine, SCV  
  33  3:21  Widow Mine  
  33  3:27  Medivac  
  33  3:30  SCV  
  36  3:35  Marine x2  
  38  3:43  SCV  
  38  3:44  Factory Tech Lab  
  38  3:47  Orbital Command  
  39  3:53  Marine  
  39  3:54  Marine  
  41  3:55  SCV  
  40  4:10  Barracks  
  40  4:12  Factory Tech Lab  
  40  4:13  SCV x2  
  40  4:15  Marine x2, Raven  
  45  4:19  Supply Depot  
  45  4:25  SCV x2  
  50  4:31  Siege Tank  
  50  4:32  Marine x2  
  50  4:37  SCV x2  
  54  4:45  Supply Depot  
  52  4:46  Bunker  
  52  4:49  SCV  
  52  4:50  Marine x2, SCV  
  56  4:58  Refinery  
  56  5:02  Barracks, SCV x2  
  58  5:08  Marine x2  
  58  5:14  SCV x2  
  62  5:15  Siege Tank  
  62  5:16  Marauder  
  65  5:21  Refinery  
  65  5:26  SCV  
  65  5:27  Starport Reactor  
  66  5:29  Marine x2  
  66  5:32  SCV  
  69  5:36  Engineering Bay  
  69  5:38  SCV  
  70  5:44  SCV  
  70  5:46  Marauder  
  70  5:47  Marine x2  
  75  5:50  SCV  
  75  5:56  SCV  
  77  5:58  Factory Reactor  
  77  6:02  SCV  
  78  6:26  Stimpack, Barracks Tech Lab  
  78  6:28  Supply Depot, Terran Infantry Weapons Level 1  
  78  6:38  Supply Depot  
  78  6:40  Marine x2, Medivac x2  
  85  6:49  Barracks, Combat Shield, Marauder  
  85  6:50  Command Center, Marauder  
  85  6:51  Barracks, SCV  
  85  6:52  SCV  
  90  6:58  Supply Depot  
  90  7:05  SCV x2  
  90  7:14  Medivac, Marauder x2  
  96  7:17  SCV x2  
  96  7:18  Marine x2  
  100  7:29  Supply Depot, SCV x2  
  102  7:34  Marine  
  103  7:41  Widow Mine x2, SCV x2  
  109  7:44  Barracks Reactor, Barracks Tech Lab  
  109  7:50  Supply Depot  
  111  7:51  Marauder  
  111  7:53  Marauder  
  111  7:55  Viking  
  111  7:57  SCV x2  
  117  8:07  Concussive Shells  
  117  8:09  SCV x2  
  117  8:12  Engineering Bay, Armory  
  118  8:22  Marauder x2  
  118  8:23  Marauder  
  118  8:26  Viking x2  
  128  8:29  SCV x2  
  130  8:34  Orbital Command  
  130  8:41  Marine  
  130  8:42  Marine  
  130  8:44  SCV x2, Marauder x3  
  140  8:52  Supply Depot x2  
  140  8:54  Refinery  
  140  8:56  Refinery  
  140  9:01  Sensor Tower  
  140  9:04  Supply Depot  
  140  9:06  SCV  
  141  9:13  SCV x2  
  141  9:14  Supply Depot  
  141  9:15  Command Center  
  143  9:17  Supply Depot  
  143  9:20  Marauder  
  143  9:21  Marauder  
  143  9:22  Marauder  
  149  9:29  Supply Depot x2, SCV x3  
  152  9:35  Viking  
  152  9:37  Ghost Academy  
  154  9:42  Missile Turret, Marauder x2  
  154  9:43  Marine x2  
  156  9:51  SCV  
  156  9:52  SCV x2  
  118  10:04  SCV x3  
Show
View Real Time Build Order
Export as new Build Order

Krystianer Protoss - Winner!

Build Orders: 1 Gate Expand, Blink Stalkers 

Get SALT Encoding   

  12  0:00  Probe  
  13  0:12  Probe  
  14  0:17  Pylon  
  14  0:24  Probe  
  15  0:32  Probe  
  15  0:37  Gateway  
  15  0:40  Probe  
  16  0:45  Assimilator  
  17  0:51  Probe  
  18  1:03  Probe  
  19  1:15  Probe  
  20  1:24  Cybernetics Core  
  20  1:33  Nexus  
  20  1:37  Probe  
  21  1:43  Pylon  
  21  1:49  Probe  
  21  1:50  Assimilator  
  21  1:51  Adept  
  22  2:01  Probe  
  25  2:04  Warp Gate  
  25  2:11  Adept  
  25  2:13  Probe  
  28  2:25  Probe  
  29  2:34  Twilight Council  
  29  2:37  Probe, Blink  
  29  2:42  Stalker  
  30  2:45  Probe  
  30  2:49  Probe  
  34  2:57  Probe  
  35  3:03  Probe  
  34  3:09  Probe  
  35  3:16  Probe  
  36  3:21  Probe  
  35  3:28  Probe  
  35  3:33  Probe, Gateway  
  37  3:40  Probe  
  38  3:41  Robotics Facility  
  38  3:44  Gateway  
  38  3:45  Probe  
  39  3:52  Probe  
  40  3:56  Stalker  
  40  4:02  Pylon  
  41  4:04  Probe  
  41  4:06  Probe  
  42  4:11  Nexus  
  42  4:16  Probe  
  43  4:20  Pylon  
  43  4:21  Probe  
  44  4:27  Stalker  
  44  4:28  Probe  
  44  4:29  Stalker  
  49  4:33  Probe  
  47  4:40  Probe  
  47  4:45  Probe, Pylon  
  48  4:48  Observer  
  48  4:49  Assimilator  
  48  4:52  Probe  
  51  4:55  Probe  
  51  4:58  Stalker x2  
  56  5:03  Probe  
  56  5:04  Probe  
  58  5:15  Probe  
  58  5:17  Probe  
  58  5:19  Probe  
  60  5:26  Stalker x2  
  60  5:27  Probe  
  66  5:29  Probe  
  66  5:30  Probe  
  66  5:32  Charge  
  66  5:33  Pylon  
  68  5:39  Probe  
  68  5:42  Robotics Bay  
  69  5:44  Probe x2, Forge  
  71  5:51  Probe  
  71  5:52  Probe  
  71  5:57  Probe  
  74  5:58  Stalker  
  74  5:59  Stalker  
  74  6:01  Probe  
  74  6:03  Probe  
  74  6:05  Probe  
  75  6:13  Probe x2  
  75  6:15  Probe  
  78  6:22  Protoss Ground Weapons Level 1  
  78  6:23  Probe  
  79  6:27  Probe  
  79  6:28  Gateway  
  79  6:30  Stalker, Gateway, Colossus  
  79  6:32  Stalker, Gateway  
  84  6:35  Gateway  
  90  6:48  Pylon  
  90  6:49  Gateway  
  90  6:52  Pylon  
  90  6:57  Pylon  
  90  7:08  Colossus  
  89  7:10  Probe  
  89  7:11  Sentry  
  89  7:12  Zealot x2  
  95  7:17  Pylon  
  95  7:23  Nexus  
  95  7:24  Probe x3, Pylon  
  104  7:34  Zealot x5, Extended Thermal Lance  
  104  7:36  Probe  
  115  7:39  Probe  
  114  7:46  Probe  
  114  7:47  Zealot x2  
  114  7:48  Probe  
  114  7:51  Probe  
  121  7:55  Pylon  
  121  7:56  Observer  
  121  7:58  Probe  
  122  8:00  Probe  
  122  8:04  Warp Prism  
  124  8:07  Zealot x4  
  124  8:10  Pylon  
  124  8:11  Pylon  
  124  8:12  Probe  
  133  8:13  Probe x2  
  133  8:17  Pylon  
  135  8:24  Probe  
  136  8:28  Zealot x2  
  136  8:29  Probe  
  136  8:32  Pylon  
  136  8:33  Pylon  
  141  8:34  Zealot x5  
  141  8:39  Probe  
  149  8:42  Stalker  
  149  8:43  Probe  
  149  8:44  Probe  
  149  8:45  Probe  
  150  8:50  Stalker x2  
  150  8:52  Probe  
  155  8:57  Stalker  
  155  8:58  Probe  
  155  9:01  Zealot x3  
  155  9:02  Probe, Zealot  
  167  9:05  Probe x2  
  169  9:15  Robotics Facility  
  171  9:20  Disruptor  
  169  9:30  Nexus  
  173  9:37  Probe  
  174  9:39  Zealot x5  
  174  9:40  Zealot x3  
  174  9:41  Probe x2  
  174  9:43  Probe  
  193  9:49  Probe  
  172  9:56  Probe  
  172  9:59  Probe  
  144  10:01  Zealot x8  
  144  10:06  Probe  
  157  10:14  Pylon  
Tags
 
Composition
Blink Stalkers
Matchup
PvT
Player
ByuN
Spawn Locations
Cross Positions
Add a new tag
Caveats
  • Supply blocks, unpowered buildings, or Contaminate may cause inaccurate times.
  • Supply counts are checked every 10 seconds.